 Dungeon Crawl Stone Soup version 0.28.0-49-g6dfe1f597d (webtiles) character file.

Game seed: 10844144540189888381

536 nickcage the Slasher (level 7, -5/54 HPs)
             Began as a Formicid Abyssal Knight on May 17, 2022.
             Was a Priest of Lugonu.
             Slain by a river rat (7 damage)
             ... in a sewer.
             The game lasted 00:13:31 (5474 turns).

nickcage the Slasher (Formicid Abyssal Knight)      Turns: 5474, Time: 00:13:32

Health: -5/54      AC:  7    Str: 20    XL:     7   Next: 50%
Magic:  8/8        EV:  6    Int:  9    God:    Lugonu [***...]
Gold:   169        SH:  0    Dex: 11    Spells: 6/6 levels left

rFire   . . .      SeeInvis +   q - +2 great sword (vamp)
rCold   . . .      Faith    .   (no shield)
rNeg    . . .      Spirit   .   m - +0 scale mail
rPois   .          Reflect  .   (helmet unavailable)
rElec   .          Harm     .   (no cloak)
rCorr   .          Rampage  .   e - +0 pair of gloves
Will    .....                   (no boots)
Stlth   ..........              h - amulet of regeneration
HPRegen 0.98/turn               (no ring)
MPRegen 0.11/turn               (no ring)

@: mighty, constricted
A: permanent stasis, dig shafts and tunnels, antennae 3, four strong arms
a: Dig, Renounce Religion, Depart the Abyss, Bend Space, Banish


You were in a sewer.
You worshipped Lugonu.
Lugonu was most pleased with you.
You visited 1 branch of the dungeon, and saw 5 of its levels.
You visited the Abyss 1 time.
You also visited: Sewer.

You collected 169 gold pieces.

Inventory:

Hand Weapons
 a - a +1 falchion
 d - the +6 spear of the Lost Lies {antimagic, rF+ Stlth+}
   (You found it on level 4 of the Dungeon)

   It reduces the magical energy of the wielder, and disrupts the spells and
   magical abilities of those it strikes.
   Natural abilities and divine invocations are not affected.
   rF:        It protects you from fire.
   Stlth:     It makes you more stealthy.
 q - a +2 vampiric great sword (weapon)
Missiles
 f - 14 poisoned darts (quivered)
Armour
 b - a +0 leather armour
 e - a +0 pair of gloves (worn)
 m - a +0 scale mail (worn)
Jewellery
 h - an amulet of regeneration (around neck)
Scrolls
 g - 2 scrolls of fear
 i - a scroll of fog {unknown}
 o - a scroll of enchant weapon {unknown}
 p - a scroll of vulnerability {unknown}
Potions
 c - a potion of invisibility
 j - a potion of might
 k - 2 potions of lignification
 l - 2 potions of haste
 n - 2 potions of curing {unknown}


   Skills:
 - Level 4.0 Fighting
 + Level 6.3 Long Blades
 - Level 3.5 Polearms
 - Level 2.1 Armour
 - Level 0.8 Dodging
 - Level 2.1 Invocations


You had 6 spell levels left.
You didn't know any spells.
Your spell library contained the following spells:

 Spells                   Type           Power      Damage    Failure   Level
 Summon Small Mammal      Summ           0%         N/A       75%         1
 Call Canine Familiar     Summ           0%         N/A       98%         3
 Summon Guardian Golem    Hex/Summ       0%         N/A       98%         3


Dungeon Overview and Level Annotations

Branches:
Dungeon (5/15)              Sewer (1/1)
 Temple: D:4-7

Altars:
Okawaru
Ru
Uskayaw
Vehumet
Xom
Beogh

Shops:
D:1 ?

Annotations:
D:4 Pikel


Innate Abilities, Weirdness & Mutations

You cannot be hasted, slowed, berserked, paralysed or teleported.
You can dig through walls and to a lower floor.
You have a pair of large antennae on your head. (SInv)
Your four strong arms can wield two-handed weapons with a shield.


Message History

The river rat bites you.
You closely miss the river rat.
You feel sick. The ball python barely misses you.
The ball python constricts you. The river rat bites you.
The river rat barely misses you.
The ball python bites you but does no damage.
The ball python constricts you.
The river rat bites you but does no damage.
The river rat bites you.
You slash the river rat!
You kill the river rat!
Lugonu accepts your kill.
You feel sick. The ball python barely misses you.
The ball python constricts you.
The ball python bites you but does no damage.
The ball python constricts you.
You hit the river rat.
You feel better.
The river rat is heavily wounded.
You feel sick.
You are no longer poisoned.
The ball python bites you but does no damage.
The ball python constricts you. The river rat bites you. x2
The ball python bites you but does no damage.
The ball python constricts you.
You completely miss the ball python.
The river rat bites you but does no damage.
The river rat bites you.
* * * LOW HITPOINT WARNING * * *
The ball python closely misses you. The ball python constricts you.
The river rat bites you!
* * * LOW HITPOINT WARNING * * *
You feel very mighty all of a sudden.
The ball python bites you but does no damage.
The ball python constricts you. The river rat bites you.
* * * LOW HITPOINT WARNING * * *
The river rat bites you but does no damage.
You barely miss the river rat.
The river rat is heavily wounded.
The ball python barely misses you. The ball python constricts you.
The river rat bites you!
You die...

#≈≈≈≈≈≈#
#####≈≈≈≈≈≈#
#≈≈††≈≈#
#≈≈≈≈≈≈#
#≈≈≈≈≈≈#
#≈≈≈≈≈≈#
#≈≈≈≈≈≈#
#≈≈≈≈≈≈#
#≈≈≈≈≈≈#
#≈≈≈≈≈≈#
#≈≈≈#≈≈#
#≈≈≈≈≈≈#
#≈≈≈≈≈≈#
#≈≈≈≈≈≈#
#≈≈≈≈≈≈#
#≈S...≈#
#≈≈≈≈≈.#
#@r().≈#
#≈≈≈≈≈≈#
##r...≈#
#≈≈≈≈≈≈#
#≈≈≈≈≈≈#
#≈≈≈≈≈≈#
#≈≈≈≈≈≈#
#≈≈≈≈#≈#
#≈≈≈≈≈≈#
#≈≈≈≈≈≈#
#≈≈≈≈≈≈#
#≈≈≈≈≈≈#
#≈≈≈≈≈≈#
#.....##
#.(....#
##......#
#......#


You could see 2 river rats and a ball python.

Vanquished Creatures
  A sky beast (D:5)
  A lemure (D:5)
  A bullfrog (D:5)
  A hound (D:5)
  A jelly (D:5)
  A centaur skeleton (D:4)
  Jessica (D:2)
  A killer bee zombie (D:5)
  8 gnolls
  2 river rats (Sewer)
  5 adders
  A dart slug (D:5)
  6 orcs (D:3)
  13 ball pythons
  9 bats
  7 endoplasms
  A giant cockroach (D:1)
  2 hobgoblins (D:1)
  7 kobolds
  7 quokkas
  6 frilled lizards
  10 goblins
  21 rats
113 creatures vanquished.

Vanquished Creatures (others)
  23 plants (D:2)
23 creatures vanquished.

Grand Total: 136 creatures vanquished

Notes
Turn   | Place    | Note
-------+----------+-------------------------------------------
     0 | Abyss:1  | nickcage the Formicid Abyssal Knight began the quest for
                  | the Orb.
     0 | Abyss:1  | Reached XP level 1. HP: 18/18 MP: 2/2
     0 | D:1      | Escaped the Abyss
   204 | D:1      | Reached * piety under Lugonu
   228 | D:1      | Reached XP level 2. HP: 14/24 MP: 3/3
   492 | D:1      | Reached skill level 3 in Long Blades
   590 | D:1      | Found Tiqaip's Magic Scroll Boutique.
   817 | D:1      | Reached XP level 3. HP: 13/29 MP: 4/4
  1707 | D:2      | Found a radiant altar of Vehumet.
  1936 | D:2      | Reached ** piety under Lugonu
  2032 | D:2      | Reached skill level 4 in Long Blades
  2032 | D:2      | Reached XP level 4. HP: 25/35 MP: 5/5
  2479 | D:2      | Noticed Jessica
  2485 | D:2      | Killed Jessica
  2739 | D:3      | Reached XP level 5. HP: 41/41 MP: 6/6
  3010 | D:3      | Reached skill level 5 in Long Blades
  4010 | D:3      | Found a shimmering altar of Xom.
  4010 | D:3      | Found a sacrificial altar of Ru.
  4018 | D:3      | Found an iron altar of Okawaru.
  4020 | D:3      | Found a faded altar of an unknown god.
  4022 | D:3      | Found a hide-covered altar of Uskayaw.
  4239 | D:3      | Found a faded altar of an unknown god.
  4323 | D:4      | Noticed a yak
  4323 | D:4      | Noticed a yak
  4323 | D:4      | Noticed a yak
  4323 | D:4      | Noticed a yak
  4532 | D:4      | Reached XP level 6. HP: 7/47 MP: 7/7
  4806 | D:4      | Identified the +6 spear of the Lost Lies {antimagic, rF+
                  | Stlth+}
  4840 | D:4      | Noticed Pikel
  4855 | D:5      | Entered Level 5 of the Dungeon
  4883 | D:5      | Noticed a sky beast
  4889 | D:5      | Killed a sky beast
  4890 | D:5      | Reached skill level 1 in Polearms
  4919 | D:5      | Reached XP level 7. HP: 41/54 MP: 2/8
  5289 | D:5      | Reached skill level 6 in Long Blades
  5289 | D:5      | Found a glowing drain.
  5298 | Sewer    | Entered a sewer
  5323 | Sewer    | Reached *** piety under Lugonu
  5473 | Sewer    | HP: 1/54 [river rat (5)]
  5474 | Sewer    | Slain by a river rat

Illustrated notes

Levels and vault maps discovered:
D:1:      dpeg_arrival_morbid_curiosity, layout_basic, serial_shops,
          nicolae_square_shop, minmay_tromino_v2
D:2:      wad_woods_stonehenge, layout_basic, nrook_uturn, uniq_jessica
D:3:      layout_loops_ring, chequers_temple_overflow_minitemple,
          hellmonk_ecumenical_altar_defaced_shrine
D:4:      layout_basic, minmay_temple_entry_mist, minivault_27, uniq_pikel
D:5:      layout_basic, portal_sewer_entry_d, minmay_door_square
Sewer:    sewer_minmay_w

Skill      XL: |  1  2  3  4  5  6  7 |
---------------+----------------------+-----
Long Blades    | 3 4 5 6 |  6.3
Polearms       | 2 3 |  3.5
Fighting       | 4 |  4.0
Armour         | |  2.1
Dodging        | |  0.8
Invocations    | |  2.1

Action                   |  1- 3 |  4- 6 |  7- 9 || total
-------------------------+-------+-------+-------++-------
Melee: Falchion          |   110 |   163 |       ||   273
       Punch             |     2 |       |     2 ||     4
       Spear             |       |    30 |    15 ||    45
       Great sword       |       |       |    78 ||    78
Throw: Dart              |       |     4 |     2 ||     6
Invok: Depart the Abyss  |     1 |       |       ||     1
  Use: Scroll            |       |     7 |       ||     7
       Potion            |       |       |     1 ||     1
Armor: Leather armour    |    49 |       |       ||    49
       Scale mail        |       |    75 |    80 ||   155
Dodge: Dodged            |    90 |    87 |    68 ||   245
